 Dungeon Crawl Stone Soup version 0.28-a0-43-g560ac104fe (webtiles) character file.

Game seed: 9897793847724991946

413 HAL9000 the Changer (level 6, 0/47 HPs)
             Began as a Draconian Transmuter on July 28, 2021.
             Succumbed to a scorpion's poison
             ... on level 5 of the Dungeon.
             The game lasted 00:05:59 (5306 turns).

HAL9000 the Changer (Draconian Transmuter)          Turns: 5306, Time: 00:05:59

Health: 0/47       AC:  6    Str: 13    XL:     6   Next: 59%
Magic:  9/9        EV: 12    Int: 24    God:
Gold:   230        SH:  0    Dex: 11    Spells: 3/9 levels left

rFire   + . .      SeeInvis .   t - +9 dagger "Qobrof" {vamp, rF+ Int+3}
rCold   . . .      Faith    .   (no shield)
rNeg    . . .      Spirit   .   (armour unavailable)
rPois   .          Reflect  .   (helmet restricted)
rElec   .          Harm     .   (no cloak)
rCorr   .          Rampage  .   (no gloves)
Will    +....                   (no boots)
Stlth   +.........              (no amulet)
HPRegen 0.15/turn               h - ring of willpower
MPRegen 0.11/turn               q - +6 ring of intelligence

@: lethally poisoned (0 -> -13)
A: AC +6, unfitting armour, cold-blooded
a: no special abilities


You were on level 5 of the Dungeon.
You visited 1 branch of the dungeon, and saw 5 of its levels.

You collected 230 gold pieces.

Inventory:

Hand Weapons
 t - the +9 dagger "Qobrof" (weapon) {vamp, rF+ Int+3}
   (You found it on level 4 of the Dungeon)

   It occasionally heals its wielder for a portion of the damage dealt when it
   wounds a living foe.
   Int:       It affects your intelligence (+3).
   rF:        It protects you from fire.
Missiles
 f - 31 poisoned darts (quivered)
Armour
 e - a +0 kite shield
 m - a +0 buckler
 u - a +1 hat
Jewellery
 h - a ring of willpower (left hand)
 l - a ring of positive energy
 q - a +6 ring of intelligence (right hand)
Wands
 j - a wand of acid (9)
Scrolls
 b - 3 scrolls of enchant weapon {unknown}
 c - 3 scrolls of amnesia {unknown}
 d - 3 scrolls of teleportation {unknown}
 k - a scroll of blinking
 n - 3 scrolls of identify
 o - a scroll of vulnerability {unknown}
 p - a scroll of immolation {unknown}
Potions
 a - a potion of invisibility
 g - a potion of curing
 i - 3 potions of heal wounds
 r - a potion of brilliance {unknown}
 s - a potion of lignification {unknown}


   Skills:
 - Level 1.1 Fighting
 - Level 1.7 Dodging
 - Level 3.0 Unarmed Combat
 - Level 2.0 Spellcasting
 + Level 7.2 Transmutations


You had 3 spell levels left.
You knew the following spells:

 Your Spells              Type           Power      Damage    Failure   Level
a - Beastly Appendage     Tmut           72%        N/A       1%          1
b - Wereblood             Tmut           36%        N/A       1%          2
c - Spider Form           Tmut/Pois      9%         N/A       9%          3

Your spell library contained the following spells:

 Spells                   Type           Power      Damage    Failure   Level
 Ignite Poison            Fire/Tmut/Pois 13%        N/A       14%         3
 Ensorcelled Hibernation  Hex/Ice        4%         N/A       19%         2
 Conjure Flame            Conj/Fire      2%         6-21      34%         3
 Ice Form                 Ice/Tmut       19%        N/A       26%         4
 Hailstorm                Conj/Ice       2%         3d3       75%         4
 Sticky Flame             Conj/Fire      2%         2d3       75%         4
 Orb of Destruction       Conj           1%         N/A       100%        7


Dungeon Overview and Level Annotations

Branches:
Dungeon (5/15)
 Temple: D:4-7

Altars:
Okawaru


Innate Abilities, Weirdness & Mutations

Your plain brown scales are hard. (AC +6)
You cannot fit into any form of body armour.
You are cold-blooded and may be slowed by cold attacks.


Message History

You hit the scorpion.
You feel better.
You tail-slap the scorpion.
The scorpion is moderately wounded.
You feel sick. The scorpion stings you.
You are more poisoned.
The scorpion poisons you!
You hit the scorpion.
The scorpion is moderately wounded.
You feel very sick. The scorpion stings you.
You are more poisoned.
The scorpion poisons you!
You hit the scorpion.
You feel better.
The scorpion is severely wounded.
You feel very sick. The scorpion stings you.
The scorpion stings you but does no damage.
You hit the scorpion but do no damage.
The scorpion is severely wounded.
You feel very sick. The scorpion barely misses you.
You closely miss the scorpion.
The scorpion is severely wounded.
You feel very sick. The scorpion completely misses you.
You hit the scorpion.
You feel better.
The scorpion is severely wounded.
You feel very sick. The scorpion closely misses you.
You closely miss the scorpion.
The scorpion is severely wounded.
You feel sick. The scorpion barely misses you.
You closely miss the scorpion.
The scorpion is severely wounded.
You feel sick. The scorpion barely misses you. The scorpion stings you!
* * * LOW HITPOINT WARNING * * *
You are more poisoned.
The scorpion poisons you!
You barely miss the scorpion.
The scorpion is severely wounded.
You die...

###.#######
#.........# ..
#.........# ..
#.........#
#s##[........#
............#
#.#>........#
##.##s.).#
#....@#..#
....##.##..#
.# #<# #.# #.#
.# #.# .# #.#
# #.# #.. ##.


You could see a scorpion.

Vanquished Creatures
  A phantom (D:4)
  An orc priest (D:4)
  A hound (D:4)
  A bullfrog skeleton (D:4)
  An orc wizard (D:4)
  A hound skeleton (D:4)
  A howler monkey skeleton (D:4)
  4 gnolls
  7 adders
  3 dart slugs
  10 orcs
  4 bats
  6 endoplasms
  5 giant cockroaches
  7 goblins
  8 hobgoblins
  7 jackals
  4 kobolds
  7 quokkas
  6 ball pythons
  4 frilled lizards
  4 rats
93 creatures vanquished.

Notes
Turn   | Place    | Note
-------+----------+-------------------------------------------
     0 | D:1      | HAL9000 the Draconian Transmuter began the quest for the
                  | Orb.
     0 | D:1      | Reached XP level 1. HP: 16/16 MP: 3/3
   165 | D:1      | Reached skill level 3 in Transmutations
   165 | D:1      | Reached XP level 2. HP: 23/23 MP: 5/5
   641 | D:1      | Learned a level 2 spell: Wereblood
   949 | D:1      | Found a faded altar of an unknown god.
  1367 | D:2      | Reached XP level 3. HP: 25/28 MP: 4/6
  1529 | D:2      | Reached skill level 4 in Transmutations
  1967 | D:2      | Reached XP level 4. HP: 31/35 MP: 5/7
  2037 | D:2      | Learned a level 3 spell: Spider Form
  2758 | D:3      | Got the Collected Works on Congealing Conjuration
  3440 | D:3      | Reached skill level 5 in Transmutations
  3455 | D:2      | Reached XP level 5. HP: 29/40 MP: 6/8
  3552 | D:3      | Found an iron altar of Okawaru.
  3936 | D:4      | Reached skill level 6 in Transmutations
  4080 | D:4      | Reached XP level 6. HP: 9/47 MP: 6/9
  4637 | D:4      | Reached skill level 7 in Transmutations
  5186 | D:4      | Identified the +9 dagger "Qobrof" {vamp, rF+ Int+3}
  5287 | D:5      | Entered Level 5 of the Dungeon
  5306 | D:5      | Succumbed to a scorpion's poison

Illustrated notes

Levels and vault maps discovered:
D:1:      dpeg_arrival_signposts, layout_basic, ebering_ecumenical_altar_ruins
D:2:      layout_basic, wad_floor_pattern_2, hangedman_decor_points
D:3:      layout_basic, okawaru_altar_gauntlet_db,
          amcnicky_mini_corridor_feature
D:4:      wander_river, layout_basic
D:5:      layout_rooms, mainiacjoe_overflow_small_starburst

Skill      XL: |  1  2  3  4  5  6 |
---------------+-------------------+-----
Transmutations | 3 4 5 6 7 |  7.2
Fighting       | |  1.1
Dodging        | |  1.7
Unarmed Combat | |  3.0
Spellcasting   | |  2.0

Action                   |  1- 3 |  4- 6 || total
-------------------------+-------+-------++-------
Melee: Unarmed           |   114 |   224 ||   338
       Headbutt          |    12 |    16 ||    28
       Kick              |    14 |    44 ||    58
       Tailslap          |     9 |    22 ||    31
       Punch             |       |     2 ||     2
       Dagger            |       |    11 ||    11
 Cast: Beastly Appendage |    17 |    27 ||    44
       Wereblood         |     3 |     9 ||    12
       Spider Form       |       |     1 ||     1
  Use: Scroll            |       |     4 ||     4
 Stab: Sleeping          |     1 |     2 ||     3
Armor: Skin              |    35 |    74 ||   109
Dodge: Dodged            |    94 |   150 ||   244

Table legend: (Time is in decaauts)
 A = Elapsed time spent in this place.
 B = Non-inter-level travel time spent in this place.
 C = Inter-level travel time spent in this place.
 D = Time resting spent in this place.
 E = Time spent auto-exploring this place.
 F = Levels seen in this place.
 G = Mean time per level.
                   A        B        C        D        E       F      G
               +--------+--------+--------+--------+--------+-----+--------+
         Total |   5303 |   5092 |    211 |   1098 |   3262 |   5 | 1060.6 |
       Dungeon |   5303 |   5092 |    211 |   1098 |   3262 |   5 | 1060.6 |
               +--------+--------+--------+--------+--------+-----+--------+

Top non-repeatable levels by time:
     D:3: 1356 daAuts
     D:1: 1349 daAuts
     D:2: 1348 daAuts
     D:4: 1230 daAuts
     D:5: 18 daAuts
